 Dungeon Crawl Stone Soup version 0.29-a0-284-gf9362112df (webtiles) character file.

Game seed: 14966268300248213137

48 spaghetti the Magician (level 3, 0/26 HPs)
             Began as a Demonspawn Transmuter on Mar 23, 2022.
             Was an Initiate of Ashenzari.
             Slain by an adder (2 damage)
             ... on level 2 of the Dungeon.
             The game lasted 00:05:12 (2643 turns).

spaghetti the Magician (Demonspawn Transmuter)      Turns: 2643, Time: 00:05:12

Health: 0/26       AC:  2    Str: 10    XL:     3   Next: 50%
Magic:  7/8        EV: 12    Int: 16    God:    Ashenzari [......]
Gold:   146        SH:  0    Dex: 13    Spells: 3/9 levels left

rFire   . . .      SeeInvis .   e - +1 short sword of Curses and Power {short, Self, Alch} (curse)
rCold   . . .      Faith    .   (no shield)
rNeg    . . .      Spirit   .   a - +0 robe
rPois   .          Reflect  .   (helmet restricted)
rElec   .          Harm     .   (no cloak)
rCorr   .          Rampage  .   (no gloves)
Will    .....                   (no boots)
Stlth   +.........              (no amulet)
HPRegen 0.08/turn               (no ring)
MPRegen 0.11/turn               (no ring)

@: wereblooded
A: antennae 1
a: Renounce Religion, Curse Item, Shatter the Chains


You were on level 2 of the Dungeon.
You worshipped Ashenzari.
Ashenzari was noncommittal.
You visited 1 branch of the dungeon, and saw 2 of its levels.

You collected 146 gold pieces.


Innate Abilities, Weirdness & Mutations

You have a pair of small antennae on your head.


   Skills:
 - Level 1.0(1.2) Fighting
 - Level 1.7 Dodging
 - Level 2.6 Unarmed Combat
 + Level 3.2(3.6) Spellcasting
 + Level 2.3(2.7) Transmutations
 + Level 0.5(0.8) Poison Magic


You had 3 spell levels left.
You knew the following spells:

 Your Spells              Type           Power      Damage    Failure   Level
a - Beastly Appendage     Tmut           22%        N/A       6%          1
b - Wereblood             Tmut           11%        N/A       9%          2
c - Spider Form           Tmut/Pois      8%         N/A       26%         3

Your spell library contained the following spells:

 Spells                   Type           Power      Damage    Failure   Level
 Ice Form                 Ice/Tmut       7%         N/A       69%         4

Inventory:

Hand Weapons
 b - a +0 dagger of venom {short}
   (You took it off a goblin on level 1 of the Dungeon)
 e - the cursed +1 short sword of Curses and Power (weapon) {short, Self, Alch}
   (You took it off a kobold on level 1 of the Dungeon)

   It has a curse which improves the following skills: Introspection: Fighting
   and Spellcasting.
   Alchemy:   Poison Magic and Transmutations.
Missiles
 c - 9 poisoned darts (quivered) {throwing}
 g - 2 stones {throwing}
Armour
 a - a +0 robe (worn)
Scrolls
 h - a scroll of enchant weapon
Potions
 f - a potion of flight

Dungeon Overview and Level Annotations

Branches:
Dungeon (2/15)

Altars:
Ashenzari

..###.##.########.######.######
..##...........##.##..........#
..##..##.#####.........#.####.#
..##..##.# ##...##...#.# #.#
..)......# #.....#####.# #.#
####.##### ##..........# #.## #
#.# ##.######### #..## # #.#
#.# #...# # #.# #@# #.♣.♣ #
##.## #S# #♣♣.♣ # #...######
#bg.# ♣♣.♣ # #........# #......
♣..P # #.....##.##......♣♣ ♣♣.♣
##♣♣♣...##.#........ ♣♣♣ .♣
♣♣♣....+......... #♣
♣.##.#.........< #
P...P♣##.##.......#.#


You could see an adder, a hobgoblin and a bat.


Message History

😎 HP[+5]
Your hp is fully restored (26).
There is an open door here.
A dart slug comes into view.
The dart slug launches a dart at you. The slug dart misses you.
You puncture the dart slug! The dart slug bites you. 😕 HP[-2]
You take 2 damage, and now have 24/26 hp.
You hit the dart slug.
You kill the dart slug!
You see here a dart slug corpse.
Ashenzari invites you to partake of a vision and a curse of beguiling and fortitude.
Okay, then.
You see here a +0 spear {polearm}.
Items here: ))) [ ÷÷÷÷. 😎 HP[+2]
Your hp is fully restored (26).
You see here a +0 dagger {short}.
c - 9 poisoned darts {throwing} (gained 5) Key pressed, stopping explore.
Key pressed, stopping explore.
As you open the door, it creaks loudly!
A bat and an adder come into view.
The adder hisses angrily.
You hear a shout!
The bat barely misses you.
Found a stone staircase leading up.
There are monsters nearby!
There are monsters nearby!
You barely miss the bat.
The bat hits you but does no damage. 🤖 Initializing magus.rc ...
Options error: Delay interrupt name "hungry" not recognised. (~/.crawlrc:4761) Options error: Bad monster_list_colour key: strict_neutral (~/.crawlrc:4776) ✅ Successfully initialized magus.rc [v1.9.6] Welcome back, spaghetti the Demonspawn Transmuter.
Ashenzari says: Partake of my vision.
Partake of my curse.
Press ? for a list of commands and other information.
Unknown command.
The bat hits you but does no damage.
A hobgoblin comes into view.
There is an open door here.
You closely miss the adder. The bat barely misses you. The adder bites you.
You are poisoned.
The adder poisons you! The adder closely misses you. 😕 HP[-2]
You take 2 damage, and now have 24/26 hp.
You feel sick. The bat barely misses you. 😕 HP[-2]
You take 2 damage, and now have 22/26 hp.
Cast which spell? (? or * to list)
Your blood is infused with primal strength.
You feel sick. The bat barely misses you.
The bat closely misses you. 😕 HP[-1] MP[-2]
You take 1 damage, and now have 21/26 hp.
You lost 2 mp, and now have 6/8 mp.
Unknown command.
You closely miss the bat.
You feel sick. The bat hits you. The adder closely misses you. 😮 HP[-2]
You take 2 damage, and now have 19/26 hp.
You miss the adder.
You feel sick. The adder closely misses you. 😮 HP[-1]
You take 1 damage, and now have 18/26 hp.
You miss the adder.
You feel sick.
You are no longer poisoned.
The adder closely misses you. x2
You closely miss the adder. The adder barely misses you.
You hit the adder. The adder barely misses you. The adder misses you.
You hit the adder. The adder bites you.
You are poisoned.
The adder poisons you! 😮 HP[-1]
You take 1 damage, and now have 17/26 hp.
You barely miss the adder.
You feel sick. The adder bites you. 😮 HP[-3]
You take 3 damage, and now have 14/26 hp.
You closely miss the adder.
You feel sick. The adder closely misses you. The adder bites you.
* * * LOW HITPOINT WARNING * * *
😨 HP[-3] MP[+1]
You take 3 damage, and now have 11/26 hp.
Unknown command.
Okay, then.
Okay, then.
Okay, then.
You hit the adder.
You feel sick. The adder bites you.
* * * LOW HITPOINT WARNING * * *
😨 HP[-3]
You take 3 damage, and now have 8/26 hp.
You miss the adder.
You feel sick.
You are no longer poisoned.
The adder bites you.
* * * LOW HITPOINT WARNING * * *
The adder bites you.
* * * LOW HITPOINT WARNING * * *
😱 HP[-6]
You take 6 damage, and now have 2/26 hp.
MASSIVE DAMAGE!! (PAUSE)
You hit the adder. Your punch misses the adder. The adder bites you.
You die...

Skill      XL: |  1  2 |
---------------+-------+-----
Transmutations | 2 |  2.3
Spellcasting   | 3 |  3.2
Fighting       | |  1.0
Dodging        | |  1.7
Unarmed Combat | |  2.6
Poison Magic   | |  0.5

Action                   || total
-------------------------++-------
Melee: Unarmed           ||    26
       Kick              ||    10
       Short sword       ||   111
       Punch             ||     1
Throw: Stone             ||     3
 Cast: Beastly Appendage ||    10
       Wereblood         ||     4
Invok: Curse Item        ||     1
  Use: Potion            ||     3
       Scroll            ||     4
 Stab: Sleeping          ||     2
Armor: Robe              ||    18
       Skin              ||     5
Dodge: Dodged            ||    92

Levels and vault maps discovered:
D:1:      lordsloth_arrival_two_stooges, layout_rooms,
          shapermc_ecumenical_altar_starsandcircs
D:2:      layout_loops_corners, serial_forest, infiniplex_forest_straight_5,
          infiniplex_forest_clump_long, infiniplex_forest_lined_corner,
          infiniplex_forest_end_1, infiniplex_forest_straight_5,
          infiniplex_forest_straight_5, infiniplex_forest_end_1,
          infiniplex_forest_end_3, infiniplex_forest_straight_2,
          infiniplex_forest_end_3

Notes
Turn   | Place    | Note
-------+----------+-------------------------------------------
     0 | D:1      | spaghetti the Demonspawn Transmuter began the quest for the
                  | Orb.
     0 | D:1      | Reached XP level 1. HP: 15/15 MP: 3/3
     0 | D:1      | magus.rc [v1.9.6]
   371 | D:1      | Gained mutation: You have a pair of small antennae on your
                  | head. [demonic ancestry]
   371 | D:1      | Reached XP level 2. HP: 14/21 MP: 5/5
   485 | D:1      | Found a faded altar of an unknown god.
   500 | D:1      | Prayed at the altar of an unknown god.
   500 | D:1      | Became a worshipper of Ashenzari the Shackled
   557 | D:1      | Learned a level 2 spell: Wereblood
  1190 | D:1      | Reached skill level 2 in Transmutations
  1472 | D:2      | Reached skill level 3 in Spellcasting
  1550 | D:2      | Reached XP level 3. HP: 14/26 MP: 4/7
  1554 | D:2      | Learned a level 3 spell: Spider Form
  1572 | D:2      | HP: 6/26 [kobold/+0 dagger (3)]
  2017 | D:2      | HP: 5/26 [orc/+0 mace (5)]
  2629 | D:2      | magus.rc [v1.9.6]
  2642 | D:2      | HP: 6/26 [adder (1)]
  2642 | D:2      | HP: 2/26 [adder (4)]
  2643 | D:2      | Slain by an adder

Vanquished Creatures
  A worm (D:2)
  3 dart slugs
  3 orcs (D:2)
  5 ball pythons
  A giant cockroach (D:1)
  4 goblins
  3 hobgoblins
  2 jackals (D:2)
  6 kobolds
  A quokka (D:2)
  2 bats (D:1)
  2 frilled lizards (D:1)
  2 rats
35 creatures vanquished.

Vanquished Creatures (others)
  2 plants (D:2)
2 creatures vanquished.

Grand Total: 37 creatures vanquished

Table legend:
 A = Non-vault XP
 B = Vault XP
 C = Vault XP percentage of total XP
 D = Non-vault monster count
 E = Vault monster count
 F = Vault count percentage of total count
                 A         B        C        D         E       F
            +---------+---------+-------+---------+---------+-------
      Total |      69 |       0 |   0.0 |      35 |       0 |   0.0
            +---------+---------+-------+---------+---------+-------
        D:1 |      28 |       0 |   0.0 |      17 |       0 |   0.0
        D:2 |      41 |       0 |   0.0 |      18 |       0 |   0.0
            +---------+---------+-------+---------+---------+-------

Illustrated notes

Table legend:
 A = Kills in this place as a percentage of kills in entire the game.
 B = Kills by you in this place as a percentage of kills by you in the entire game.
 C = Kills by friends in this place as a percentage of kills by friends in the entire game.
 D = Other kills in this place as a percentage of other kills in the entire game.
 E = Experience gained in this place as a percentage of experience gained in the entire game.
 F = Experience gained in this place divided by the number of levels of this place that you have seen.
                   A       B       C       D       E      F
               +-------+-------+-------+-------+-------+----------------------
         Total | 100.0 | 100.0 |   N/A |   N/A | 100.0 |  34.5
       Dungeon | 100.0 | 100.0 |   N/A |   N/A | 100.0 |  34.5
               +-------+-------+-------+-------+-------+----------------------

Table legend: (Time is in decaauts)
 A = Elapsed time spent in this place.
 B = Non-inter-level travel time spent in this place.
 C = Inter-level travel time spent in this place.
 D = Time resting spent in this place.
 E = Time spent auto-exploring this place.
 F = Levels seen in this place.
 G = Mean time per level.
                   A        B        C        D        E       F      G
               +--------+--------+--------+--------+--------+-----+--------+
         Total |   2655 |   2543 |    112 |    727 |   1450 |   2 | 1327.5 |
       Dungeon |   2655 |   2543 |    112 |    727 |   1450 |   2 | 1327.5 |
               +--------+--------+--------+--------+--------+-----+--------+

Top non-repeatable levels by time:
     D:1: 1627 daAuts
     D:2: 1027 daAuts
